 Dungeon Crawl Stone Soup version 0.28-b1-70-g80dc712255 (webtiles) character file.

Game seed: 17595394914234680091

48 tizbic2 the Grave Robber (level 3, -2/22 (24) HPs)
             Began as a Demonspawn Necromancer on Feb 3, 2022.
             Slain by Crazy Yiuf (5 damage)
             ... on level 2 of the Dungeon.
             The game lasted 00:09:08 (1761 turns).

tizbic2 the Grave Robber (Demonspawn Necromancer)   Turns: 1761, Time: 00:09:08

HP:   -2/22 (24)    AC:  5    Str: 10    XL:     3   Next: 50%
MP:   6/6           EV: 10    Int: 16    God:
Gold: 38            SH:  0    Dex: 13    Spells: 3/7 levels left

rFire   . . .      SeeInvis .   l - +0 spear
rCold   + . .      Faith    .   g - orb {light}
rNeg    . . .      Spirit   .   c - +0 ring mail
rPois   .          Reflect  .   (no helmet)
rElec   .          Harm     .   (no cloak)
rCorr   .          Rampage  .   (no gloves)
Will    .....                   (no boots)
Stlth   +.........              (no amulet)
HPRegen 0.07/turn               m - ring of protection from cold
MPRegen 0.10/turn               (no ring)

@: glowing, drained
A: foul stench 1
a: no special abilities


You were on level 2 of the Dungeon.
You visited 1 branch of the dungeon, and saw 2 of its levels.

You collected 38 gold pieces.

Inventory:

Hand Weapons
 l - a +0 spear (weapon)
Missiles
 b - 94 stones (quivered)
 d - 2 poisoned darts
 i - 11 bolts
Armour
 c - a +0 ring mail (worn)
 e - a +1 scale mail of cold resistance
 g - an orb of light (worn)
Jewellery
 m - a ring of protection from cold (left hand)
Scrolls
 a - 4 scrolls of teleportation {unknown}
 h - a scroll of vulnerability {unknown}
 j - 3 scrolls of identify {unknown}
Potions
 f - a potion of degeneration {unknown}
 k - a potion of berserk rage {unknown}
 n - a potion of mutation {unknown}


   Skills:
 - Level 1.7 Dodging
 - Level 1.7 Stealth
 + Level 2.6 Spellcasting
 * Level 5.4 Necromancy


You had 3 spell levels left.
You knew the following spells:

 Your Spells              Type           Power      Damage    Failure   Level
a - Pain                  Necr           76%        1d7       5%          1
b - Vampiric Draining     Necr           19%        2d7       16%         3

Your spell library contained the following spells:

 Spells                   Type           Power      Damage    Failure   Level
 Animate Skeleton         Necr           38%        N/A       5%          1
 Conjure Flame            Conj/Fire      2%         6-21      83%         3
 Ignite Poison            Fire/Tmut/Pois 2%         N/A       83%         3
 Animate Dead             Necr           9%         N/A       47%         4
 Agony                    Necr           19%        N/A       83%         5
 Sticky Flame             Conj/Fire      2%         2d3       99%         4


Dungeon Overview and Level Annotations

Branches:
Dungeon (2/15)

Altars:

Annotations:
D:2 Crazy Yiuf


Innate Abilities, Weirdness & Mutations

You may rarely emit foul miasma when damaged in melee.


Message History

You hit the bat.
You kill the bat!
Crazy Yiuf shouts!
You start resting.
Crazy Yiuf says, "Key!
Tosser verde chair."
Crazy Yiuf whimpers, "Trifle!
Proton pontify forty-two."
Crazy Yiuf yells, "Hah sow forty-two!"
Crazy Yiuf grits, "Pitchfork alas horse!"
HP restored.
Crazy Yiuf says, "Orb turtle sallow!"
You open the door. You hit Crazy Yiuf.
Crazy Yiuf is moderately wounded.
Crazy Yiuf barely misses you.
You hit Crazy Yiuf.
Crazy Yiuf is heavily wounded.
Crazy Yiuf barely misses you.
You hit Crazy Yiuf but do no damage.
Crazy Yiuf is heavily wounded.
Crazy Yiuf barely misses you.
You hit Crazy Yiuf.
Crazy Yiuf is heavily wounded.
Crazy Yiuf barely misses you.
You hit Crazy Yiuf but do no damage.
Crazy Yiuf is heavily wounded.
Crazy Yiuf cries, "Island Hive wrapper!"
Crazy Yiuf barely misses you. x2
You hit Crazy Yiuf.
Crazy Yiuf is severely wounded.
Crazy Yiuf barely misses you.
You hit Crazy Yiuf but do no damage.
Crazy Yiuf is severely wounded.
Crazy Yiuf hits you with a +2 quarterstaff of chaos!
Crazy Yiuf burns you.
You hit Crazy Yiuf.
Crazy Yiuf is almost dead.
Crazy Yiuf hits you with a +2 quarterstaff of chaos!
* * * LOW HITPOINT WARNING * * *
You feel drained.
You die...

##... .. ..... #. ...... #.
####### ##### #.......###.
#.....# #)..# #...........
#.....# #...# #.......#.†.
##.....# ... #.[.... #<#.
.......# #g# #...... ###.
.......# #@## #....#.....
.......##### ##.# ##....######
...........# #.## #......†....
.†..######## ##.# #....†######
####.......# ##.## #.....#
.....####### ##...#
##....###### ...........#
#....# #...........
.....##...## #....#
#......#.###
#######...#####....###......#.#


You could see Crazy Yiuf.

Vanquished Creatures
  A dart slug (D:2)
  4 endoplasms
  4 giant cockroaches (D:1)
  A goblin (D:1)
  2 hobgoblins
  3 quokkas
  A ball python (D:2)
  7 bats
  4 frilled lizards
  7 kobolds
  8 rats
42 creatures vanquished.

Notes
Turn   | Place    | Note
-------+----------+-------------------------------------------
     0 | D:1      | tizbic2 the Demonspawn Necromancer began the quest for the
                  | Orb.
     0 | D:1      | Reached XP level 1. HP: 13/13 MP: 3/3
   280 | D:1      | Gained mutation: You may rarely emit foul miasma when
                  | damaged in melee. [demonic ancestry]
   280 | D:1      | Reached XP level 2. HP: 10/19 MP: 3/5
   735 | D:1      | Reached skill level 5 in Necromancy
  1337 | D:2      | Reached XP level 3. HP: 24/24 MP: 6/6
  1483 | D:2      | Found a runed translucent door.
  1484 | D:2      | Noticed Crazy Yiuf
  1607 | D:2      | Learned a level 3 spell: Vampiric Draining
  1761 | D:2      | Slain by Crazy Yiuf

Illustrated notes

Levels and vault maps discovered:
D:1:      dpeg_arrival_simpleton_a, layout_basic, minmay_misc_feat_x
D:2:      layout_basic, grunt_ministairs_5, uniq_crazy_yiuf_cottage

Skill      XL: |  1  2 |
---------------+-------+-----
Necromancy     | 5 |  5.4
Dodging        | |  1.7
Stealth        | |  1.7
Spellcasting   | |  2.6

Action                   || total
-------------------------++-------
Melee: Short sword       ||    64
       Spear             ||    47
Throw: Dart              ||     3
       Stone             ||     7
 Cast: Pain              ||    16
       Vampiric Draining ||     1
Armor: Ring mail         ||    72
Dodge: Dodged            ||    74
